 Seeded DCSS version 0.29.1-12-g30fa7ad0bf (webtiles) character file.

Game seed: 16245865983455551772 (custom seed)

91 hikkokomori the Conjurer (level 4, -2/27 HPs)
             Began as an Octopode Conjurer on Jan 17, 2023.
             Slain by an orc
             ... wielding a +0 trident
              (5 damage)
             ... on level 3 of the Dungeon.
             The game lasted 00:03:03 (2507 turns).

hikkokomori the Conjurer (Octopode Conjurer)        Turns: 2507, Time: 00:03:04

Health: -2/27      AC:  1    Str: 12    XL:     4   Next: 59%
Magic:  1/7        EV: 13    Int: 38    God:
Gold:   582        SH:  6    Dex: 16    Spells: 3/8 levels left

rFire   . . .      SeeInvis .   o - +0 dagger
rCold   + . .      Faith    .   d - +3 buckler of Googh {rC+ Int+4 Stlth+}
rNeg    . . .      Spirit   .   (helmet restricted)
rPois   +          Reflect  .   (no amulet)
rElec   .          Harm     .   e - ring "Oduinuuw" {rPois Str+6 Dex+6}
rCorr   .          Rampage  .   g - +6 ring of intelligence
Will    .....                   h - +6 ring of intelligence
Stlth   +++++.....              (no ring)
HPRegen 0.09/turn               (no ring)
MPRegen 0.10/turn               (no ring)
                                (no ring)
                                (no ring)

@: no status effects
A: almost no armour, amphibious, 8 rings, camouflage 1, gelatinous body 1,
(nimble swimmer 1), tentacles
a: no special abilities


You were on level 3 of the Dungeon.
You visited 1 branch of the dungeon, and saw 3 of its levels.

You collected 582 gold pieces.

Inventory:

Hand Weapons
 o - a +0 dagger (weapon)
Armour
 d - the +3 buckler of Googh (worn) {rC+ Int+4 Stlth+}
   (You acquired it on level 1 of the Dungeon)

   Int:       It affects your intelligence (+4).
   rC:        It protects you from cold.
   Stlth:     It makes you more stealthy.
Jewellery
 e - the ring "Oduinuuw" (left tentacle) {rPois Str+6 Dex+6}
   (You acquired it on level 1 of the Dungeon)

   [ring of dexterity]

   Str:       It affects your strength (+6).
   Dex:       It affects your dexterity (+6).
   rPois:     It protects you from poison.
 g - a +6 ring of intelligence (right tentacle)
 h - a +6 ring of intelligence (on tentacle)
Wands
 m - a wand of roots (4)
Scrolls
 f - 2 scrolls of teleportation {unknown}
 j - 2 scrolls of identify {unknown}
 k - a scroll of enchant weapon {unknown}
 l - a scroll of summoning {unknown}
 n - a scroll of noise {unknown}
Potions
 a - a potion of magic
 b - a potion of might {unknown}
 c - 2 potions of flight {unknown}
 i - a potion of lignification {unknown}


   Skills:
 - Level 2.3 Dodging
 + Level 4.2 Stealth
 - Level 2.6 Spellcasting
 + Level 4.6 Conjurations
 + Level 0.6 Hexes


You had 3 spell levels left.
You knew the following spells:

 Your Spells              Type           Power      Damage    Failure   Level
a - Magic Dart            Conj           100%       1d8       1%          1
b - Fulminant Prism       Conj/Hex       12%        3d9       21%         4

Your spell library contained the following spells:

 Spells                   Type           Power      Damage    Failure   Level
 Searing Ray              Conj           80%        2d7       1%          2
 Sting                    Tmut/Pois      20%        1d4       6%          1
 Dazzling Flash           Conj/Hex       50%        N/A       6%          3
 Poisonous Vapours        Pois/Air       10%        N/A       9%          2
 Iskenderun's Mystic Bla  Conj/Tloc      22%        2d6       22%         4
 Olgreb's Toxic Radiance  Pois           5%         N/A       52%         4
 Chain Lightning          Conj/Air       11%        3d14      100%        9
 Fire Storm               Conj/Fire      11%        8d3       100%        9
 Shatter                  Erth           2%         3d6*      100%        9


Dungeon Overview and Level Annotations

Branches:
Dungeon (3/15)

Altars:

Shops:
D:3 [


Innate Abilities, Weirdness & Mutations

You cannot wear most types of armour.
You are amphibious.
You can wear up to eight rings at the same time.
Your skin changes colour to match your surroundings (Stealth+).
Your rubbery body absorbs attacks. (AC +1, EV +1)
((You are camouflaged when in or above water. (Stealth+)))
You have tentacles for arms and can constrict up to eight enemies at once.


Message History

a +0 dagger; a +0 robe; an orc corpse The orc wizard attacks as you move away!
You block the orc wizard's attack.
The orc wizard mumbles some strange words.
The orc wizard flickers and vanishes!
Deactivating autopickup; reactivate with Ctrl-A.
Things that are here:
a +0 dagger; a +0 robe; an orc corpse You hit the orc.
Your grab misses the orc.
The orc is moderately wounded.
You block something's attack. The orc barely misses you.
You closely miss the orc. You grab the orc.
The orc is moderately wounded.
You constrict the orc. Something hits you. The orc barely misses you.
Something hits you. The orc barely misses you.
You hit the orc.
You kill the orc!
Something hits you but does no damage.
You hit the endoplasm.
The endoplasm is lightly wounded.
Something hits you. The endoplasm freezes you.
You are frozen.
You resist.
You hit the endoplasm.
The endoplasm is heavily wounded.
Something hits you but does no damage.
The orc hits you from afar with a +0 trident!
* * * LOW HITPOINT WARNING * * *
You block the endoplasm's attack.
Casting: Fulminant Prism (extremely dangerous; 21% risk of failure)
Confirm with . or Enter, or press ? or * to list all spells.
The spell is extremely dangerous to miscast (21% risk of failure)!
Continue anyway?
Aiming: Fulminant Prism (extremely dangerous; 21% risk of failure)
Press: ? - help, Dir - move target You conjure a prism of explosive energy!
A fulminant prism comes into view.
Something hits you.
* * * LOW HITPOINT WARNING * * *
The orc hits you from afar with a +0 trident.
You die...

#.#...#.o#######.#
.......J.Jooo...>#
#.#.############.#
..#. .......†.# #
## ########.# #.#
#o# ####J#####
#..{@....#
#..*.....#
#.[......# #
#.†......####.#
#.............#
####'##.......#
#...........#
#...........#
#...........#


You could see an orc, an endoplasm (ally target) and a friendly fulminant prism.

Vanquished Creatures
  Jessica (D:2)
  An adder (D:2)
  4 orcs (D:3)
  2 ball pythons (D:1)
  3 bats
  4 endoplasms (D:1)
  2 goblins (D:1)
  5 hobgoblins
  4 kobolds
  3 quokkas (D:1)
  3 frilled lizards
  5 rats
37 creatures vanquished.

Vanquished Creatures (others)
  An orc wizard (D:3)
  A plant (D:3)
2 creatures vanquished.

Grand Total: 39 creatures vanquished

Notes
Turn   | Place    | Note
-------+----------+-------------------------------------------
     0 | D:1      | hikkokomori the Octopode Conjurer began the quest for the
                  | Orb.
     0 | D:1      | Reached XP level 1. HP: 11/11 MP: 3/3
   381 | D:1      | Identified 3 scrolls of acquirement
   381 | D:1      | Acquired the ring "Oduinuuw" {rPois Str+6 Dex+6}
   382 | D:1      | Acquired the +3 buckler of Googh {rC+ Int+4 Stlth+}
   390 | D:1      | Acquired 460 gold pieces
   419 | D:1      | Found a faded altar of an unknown god.
   442 | D:1      | Reached XP level 2. HP: 17/17 MP: 0/5
  1223 | D:1      | Reached XP level 3. HP: 21/21 MP: 0/6
  1710 | D:2      | Noticed Jessica
  1712 | D:2      | Killed Jessica
  1713 | D:2      | Reached XP level 4. HP: 27/27 MP: 4/7
  2114 | D:3      | Learned a level 4 spell: Fulminant Prism
  2414 | D:3      | Found Ymmy Ciutu's Antique Armour Shoppe.
  2507 | D:3      | Slain by an orc

Illustrated notes

Levels and vault maps discovered:
D:1:      minmay_arrival_hallway, layout_loops_corners, basic_ecumenical_altar,
          minmay_unequal
D:2:      layout_loops_ring, uniq_jessica
D:3:      layout_basic, serial_shops, nicolae_shop_advertising_works
          [nicolae_subvault_shop_adworks], minmay_shallow_snake_nest,
          uniq_natasha

Skill      XL: |  1  2  3  4 |
---------------+-------------+-----
Stealth        | 3 4 |  4.2
Dodging        | |  2.3
Spellcasting   | |  2.6
Conjurations   | |  4.6
Hexes          | |  0.6

Action                   |  1- 3 |  4- 6 || total
-------------------------+-------+-------++-------
Melee: Unarmed           |     2 |     2 ||     4
       Tentacles         |     1 |     3 ||     4
       Constrict         |     1 |     5 ||     6
       Dagger            |       |    15 ||    15
 Cast: Magic Dart        |    42 |    21 ||    63
       Fulminant Prism   |       |     1 ||     1
  Use: Scroll            |     3 |       ||     3
Armor: Skin              |       |     2 ||     2
Dodge: Dodged            |     1 |    10 ||    11
Block: Buckler           |       |     6 ||     6
